 Dungeon Crawl Stone Soup version 0.15.2 (webtiles) character file.

9 araganzar the Charmwright (level 2, 19/22 HPs)
             Began as a Demonspawn Skald on Jan 6, 2015.
             Quit the game on Level 1 of the Dungeon.
             The game lasted 00:00:50 (548 turns).

araganzar the Charmwright (Demonspawn Skald)         Turns: 548, Time: 00:00:50

HP  19/22        AC  3     Str 12      XL: 2   Next:  3%
MP   4/4         EV 10     Int 13      God:
Gold 21          SH  0     Dex 12      Spells:  1 memorised,  4 levels left

rFire  . . .     SeeInvis .     a - +0 spear
rCold  . . .     Clarity  .     b - +0 leather armour
rNeg   . . .     rCorr    .     (no shield)
rPois  .         rRot     .     (no helmet)
rElec  .         Spirit   .     (no cloak)
SustAb .         Warding  .     (no gloves)
rMut   .         Rnd*Tele +     (no boots)
Gourm  .                        (no amulet)
MR     .....                    (no ring)
                                i - cursed ring of teleportation

@: not resistant to hostile enchantments, very unstealthy
A: claws 1
a: Evoke Teleportation


You were on level 1 of the Dungeon.
You were not hungry.

You visited 1 branch of the dungeon, and saw 1 of its levels.

You collected 21 gold pieces.


Innate Abilities, Weirdness & Mutations

You have sharp fingernails.


   Skills:
 + Level 2.2 Fighting
 + Level 2.0 Polearms
 - Level 0.8 Armour
 - Level 0.8 Dodging
 + Level 2.1 Spellcasting
 + Level 2.7 Charms


You had 4 spell levels left.
You knew the following spells:

 Your Spells              Type           Power        Failure   Level  Hunger
a - Infusion              Chrm           #.....       10%         1    ##.....


Dungeon Overview and Level Annotations

Branches:
Dungeon (1/15)

Altars:

Inventory:

Hand weapons
 a - a +0 spear (weapon)
Missiles
 g - 9 poisoned needles
Armour
 b - a +0 leather armour (worn)
Comestibles
 d - 2 bread rations
Scrolls
 e - a scroll of identify {unknown}
 f - a scroll of amnesia {unknown}
Jewellery
 i - a cursed ring of teleportation (left claw)
   (You found it on level 1 of the Dungeon)
Potions
 h - a potion of curing {unknown}
Books
 c - a book of Battle

   Spells                             Type                      Level
   *Infusion                          Charms                       1
   Shroud of Golubria                 Charms/Translocation         2
   Song of Slaying                    Charms                       2
   Spectral Weapon                    Hexes/Charms                 3
   Regeneration                       Charms/Necromancy            3

. #### #..##....#.#
...####..##......#
#................ #
#..##..........## $..
###..##.#..##....#
....##............(.#.#
#........##.#..#####.#
#..#.....##.#..# #.#
#.%@........# #.#
###hh###.#..# #.# s.##
#.#... ..# ...# #.#.##
# ..### #.# ... . .###


You could see 2 jackals and a giant cockroach.


Message History

A bat comes into view.
A bat is nearby!
A bat is nearby!
You hit the bat.
You kill the bat!
You see here a bat corpse.
HP restored.
A giant newt comes into view.
A giant newt is nearby!
A giant newt is nearby!
You miss the giant newt. The giant newt misses you.
A giant newt is nearby!
You hit the giant newt.
You kill the giant newt!
Your Polearms skill increases to level 2!
You see here a giant newt corpse.
Found 22 stones.
No target in view!
Found a robe.
No target in view!
You see here 22 stones.
Found 13 bolts of frost and a leather armour.
No target in view!
Found a steel ring.
No target in view!
No target in view!
No target in view!
Found 6 gold pieces.
No target in view!
No target in view!
i - a steel ring No target in view!
You now have 21 gold pieces (gained 6).
Put on which piece of jewellery? (? for menu, Esc to quit)
You feel slightly jumpy.
Oops, that ring feels deathly cold.
i - a cursed ring of teleportation (left hand)
A jackal comes into view.
The jackal barks!
A jackal is nearby!
A jackal comes into view.
There are monsters nearby!
There are monsters nearby!
A jackal comes into view.
The jackal barks!
The jackal barely misses you.
Found 13 gold pieces.
There are monsters nearby!
You closely miss the jackal.
The jackal bites you but does no damage.
You barely miss the jackal.
The jackal bites you but does no damage.
A jackal comes into view.
You hit the jackal.
The jackal is severely wounded.
You hit the jackal.
You kill the jackal!
A giant cockroach comes into view.
You hit the jackal but do no damage. The jackal barely misses you.
You hit the jackal but do no damage. The jackal bites you.
The jackal bites you. The jackal barely misses you.
You hit the jackal.
You kill the jackal!
You have reached level 2!
You feel monstrous as your demonic heritage exerts itself.
Your demonic ancestry asserts itself...
Your fingernails lengthen.
The jackal closely misses you.
The jackal bites you but does no damage.
The jackal barely misses you.
Are you sure you want to abandon this character and quit the game? (Confirm with "yes".)

Action                   || total
-------------------------++-------
Melee: Spear             ||    27

Vault maps used:
D:1:      matt_arrival_los_fun

Notes
Turn   | Place    | Note
--------------------------------------------------------------
     0 | D:1      | araganzar, the Demonspawn Skald, began the quest for the Orb.
     0 | D:1      | Reached XP level 1. HP: 16/16 MP: 3/3
   485 | D:1      | Reached skill level 2 in Polearms
   547 | D:1      | Gained mutation: You have sharp fingernails. [demonic ancestry]
   547 | D:1      | Reached XP level 2. HP: 19/22 MP: 4/4
   548 | D:1      | Quit the game

Vanquished Creatures
  A goblin (D:1)
  A hobgoblin (D:1)
  2 jackals (D:1)
  A bat (D:1)
  A giant cockroach (D:1)
  2 giant newts (D:1)
  A rat (D:1)
9 creatures vanquished.
